 Dungeon Crawl Stone Soup version 0.32-a0-35-gd9ff480968 (webtiles) character file.

Game seed: 17726725895719335972

15851 Jase the Grappler (level 12, -6/135 HPs)
             Began as a Grey Draconian Shapeshifter on Jan 23, 2024.
             Was an Elder of Hepliaklqana.
             Shot with a bolt by a tengu warrior (15 damage)
             ... on level 12 of the Dungeon.
             The game lasted 00:45:29 (9922 turns).

Jase the Grappler (Grey Draconian Shapeshifter)     Turns: 9922, Time: 00:45:30

Health: -6/135     AC: 13    Str: 23    XL:     12   Next: 4%
Magic:  17/17      EV: 14    Int: 13    God:    Hepliaklqana [****..]
Gold:   946        SH:  0    Dex: 13    Spells: 11/11 levels left

rFire   . .          .
                       - Unarmed
rCold   + . .        (shield currently unavailable)
rNeg    . . .        (body armour unavailable)
rPois   .            (helmet restricted)
rElec   .            (no cloak)
rCorr   .            N - melded +1 pair of gloves {Stlth+}
SInv    .            (no boots)
Will    .....        e - amulet of regeneration Stlth
                     i - +6 ring of strength
HPRegen 1.22/turn    T - ring of protection from cold
MPRegen 0.15/turn

%: no passive effects
@: berserking, blade hands, very quick
A: reduced essence, AC +13, amphibious, unfitting armour, cold-blooded
a: Begin Untransformation, Renounce Religion, Recall Ancestor, Ancestor
Identity, Transference, Idealise


You were on level 12 of the Dungeon.
You worshipped Hepliaklqana.
Hepliaklqana was greatly pleased with you.
You had blades for hands.
You visited 2 branches of the dungeon, and saw 13 of its levels.
You also visited: Bailey.

You collected 946 gold pieces.

Inventory:

Missiles
 g - 4 boomerangs
 t - 30 poisoned darts
 E - 84 stones (quivered)
 L - 8 throwing nets
 P - 5 javelins
Armour
 N - a +1 pair of gloves of stealth (melded)
Jewellery
 e - an amulet of regeneration (around neck)
 i - a +6 ring of strength (left blade hand)
 A - a ring of resist corrosion
 D - a ring of positive energy
 T - a ring of protection from cold (right blade hand)
Talismans
 b - a beast talisman
 c - a flux talisman
 r - a serpent talisman
 Q - a blade talisman (active)
Wands
 j - a wand of mindburst (20)
 y - a wand of iceblast (11)
 G - a wand of paralysis (16)
 I - a wand of flame (36)
 S - a wand of light (6)
Scrolls
 d - 4 scrolls of fear {unknown}
 h - 6 scrolls of teleportation
 l - 3 scrolls of revelation {unknown}
 m - 3 scrolls of enchant armour {unknown}
 s - 6 scrolls of noise {unknown}
 u - 2 scrolls of blinking {unknown}
 v - a scroll of enchant weapon
 x - 2 scrolls of silence
 B - a scroll of amnesia {unknown}
 F - 2 scrolls of immolation {unknown}
 J - 2 scrolls of fog {unknown}
 K - a scroll of vulnerability {unknown}
 M - a scroll of brand weapon {unknown}
 U - a scroll of poison {unknown}
Potions
 a - 3 potions of lignification
 f - 4 potions of cancellation
 k - 5 potions of brilliance
 p - 2 potions of resistance
 q - 8 potions of curing
 w - a potion of invisibility
 z - 2 potions of mutation
 C - a potion of might
 H - a potion of attraction
 O - a potion of enlightenment
Miscellaneous
 R - a lightning rod (4/4)


   Skills:
 - Level 8.0 Fighting
 + Level 5.6 Dodging
 + Level 11.6 Unarmed Combat
 + Level 7.2 Invocations
 + Level 4.2 Evocations
 + Level 10.5 Shapeshifting


You had 11 spell levels left.
You didn't know any spells.
Your spell library contained the following spells:

 Spells                   Type           Power      Damage    Failure   Level
 Magic Dart               Conj           0%         1d3       30%         1
 Sting                    Conj/Alch      0%         1d3       30%         1
 Lesser Beckoning         Tloc           0%         N/A       43%         2
 Mercury Vapours          Alch/Air       0%         N/A       43%         2
 Searing Ray              Conj           0%         2d4       43%         2
 Dazzling Flash           Conj/Hex       0%         N/A       67%         3
 Gell's Gravitas          Tloc           0%         N/A       67%         3
 Mephitic Cloud           Conj/Alch/Air  0%         N/A       67%         3
 Ozocubu's Armour         Ice            0%         N/A       67%         3
 Teleport Other           Tloc           0%         N/A       67%         3
 Fulminant Prism          Conj/Alch      0%         3d5       97%         4
 Ignite Poison            Fire/Alch      0%         N/A       97%         4
 Olgreb's Toxic Radiance  Alch           0%         N/A       97%         4
 Sticky Flame             Fire/Alch      0%         2d4       97%         4
 Summon Blazeheart Golem  Fire/Summ      0%         N/A       97%         4
 Curse of Agony           Necr           0%         N/A       100%        5
 Metabolic Englaciation   Hex/Ice        0%         N/A       100%        5
 Silence                  Hex/Air        0%         N/A       100%        5
 Sculpt Simulacrum        Ice/Alch       0%         N/A       100%        6
 Orb of Destruction       Conj           0%         9d5       100%        7
 Spellforged Servitor     Conj/Summ      0%         N/A       100%        7
 Ignition                 Fire           0%         3d3       100%        8


Dungeon Overview and Level Annotations

Branches:
Dungeon (12/15)            Temple (1/1) D:6            Lair (0/5) D:10
 Bailey (visited)
    Orc: D:9-12

Altars:
Ashenzari
Cheibriados
Dithmenos
Elyvilon
Fedhas
Gozag
Hepliaklqana
Kikubaaqudgha
Makhleb
Nemelex Xobeh
Okawaru
Qazlal
Ru
Sif Muna
Trog
Uskayaw
Vehumet
Wu Jian
Xom
Yredelemnul
Zin
The Shining One

Annotations:
D:2 Sigmund
D:6 1 runed translucent door, Crazy Yiuf
D:9 2 exclusions


Innate Abilities, Weirdness & Mutations

You have blades for hands.
You are incapable of wielding weapons or throwing items.
Your life essence is reduced to manifest your ancestor. (-10% HP)
Your dull iron-grey scales are very hard. (AC +13)
You are amphibious.
You cannot fit into any form of body armour.
You are cold-blooded and may be slowed by cold attacks.


Message History

You hear a shout!
You hear a shout!
The tengu warrior slips past you! The tengu warrior misses you.
The tengu warrior pecks you but does no damage.
The tengu warrior closely misses you.
The tengu warrior shoots a bolt.
The bolt hits you!
Geg from IT completely misses the tengu warrior.
Geg from IT casts a spell at the tengu warrior.
The tengu warrior resists with some effort.
You barely miss the tengu warrior.
The tengu warrior is heavily wounded.
The tengu warrior hits you with a +3 dire flail.
The tengu warrior barely misses you. The tengu warrior claws you.
The tengu warrior shoots a bolt.
The bolt hits you.
The cyclops throws a large rock.
The large rock hits you!!!
* * * LOW HITPOINT WARNING * * *
Okay, then.
You feel much better.
Geg from IT hits the tengu warrior with a +0 dagger of draining!
Geg from IT drains the tengu warrior.
The tengu warrior hits Geg from IT with a +3 dire flail!
The tengu warrior barely misses Geg from IT.
The tengu warrior completely misses Geg from IT.
The tengu warrior shoots a bolt.
The bolt closely misses you.
Geg from IT misses the tengu warrior.
The cyclops throws a large rock.
The large rock misses you.
The large rock hits the tengu warrior!!
Unknown command.
You miss the tengu warrior.
You tail-slap the tengu warrior, but do no damage.
The tengu warrior is almost dead.
Geg from IT hits the tengu warrior with a +0 dagger of draining.
The tengu warrior dies!
The tengu warrior shoots a bolt.
The bolt hits you!!
* * * LOW HITPOINT WARNING * * *
Geg from IT casts a spell at the tengu warrior.
The tengu warrior easily resists.
A red film seems to cover your vision as you go berserk!
You feel yourself moving faster!
You feel mighty!
The tengu warrior shoots a bolt.
The bolt hits you!
You die...

##..## ....# .
..#... ...#.
#... #CQ#
#.#..# # #
#.#..##.#.#
.###.#@R.....#
.......).##.###
............#
#.###.#..####
#.#>.# ..#..#
## #..#
####..########
.
#:............


You could see the friendly Geg from IT the hexer, a tengu warrior (ally target)
and a cyclops.

Vanquished Creatures
  2 two-headed ogres
  Pikel (D:9)
  3 gargoyles
  Maggie (D:6)
  3 trolls
  Grinder (D:6)
  A wraith (D:11)
  11 yaks
  3 wyverns
  4 vampire mosquitoes (D:12)
  A steam dragon (D:7)
  Menkaure (D:4)
  Edmund (D:5)
  2 acid dragons
  A water moccasin (D:7)
  A black bear (D:7)
  6 orc warriors
  2 sky beasts
  2 ice beasts (D:7)
  An ogre (D:4)
  A phantom (D:5)
  2 centaurs (D:11)
  6 wolves
  2 kobold brigands (D:8)
  3 bullfrogs
  Blork the orc (D:6)
  5 gnoll sergeants (Bailey)
  4 killer bees (D:7)
  A howler monkey (D:9)
  4 electric eels (D:7)
  7 orc priests
  4 hounds
  A sleepcap (D:7)
  3 jellies
  7 gnoll boudas (Bailey)
  6 orc wizards
  2 iguanas
  Robin (D:2)
  11 gnolls
  8 adders
  An adder zombie (D:3)
  2 ribbon worms (D:2)
  A dart slug (D:3)
  19 orcs
  10 ball pythons
  3 bats
  4 endoplasms
  2 giant cockroaches
  17 goblins
  10 hobgoblins
  3 jackals (D:3)
  10 kobolds
  5 quokkas
  A ball python zombie (D:3)
  4 frilled lizards
  A giant cockroach zombie (D:3)
  A jackal skeleton (D:3)
  A quokka skeleton (D:3)
  3 rats
225 creatures vanquished.

Vanquished Creatures (collateral kills)
  Gastronok (D:9)
  A two-headed ogre (D:12)
  A tengu warrior (D:12)
  2 cyclopes
  An unseen horror (D:12)
  A hornet (D:8)
  A shadow (D:10)
  3 yaks (D:10)
  A wyvern (D:10)
  2 water moccasins
  3 wolves (Bailey)
  A gnoll sergeant (Bailey)
  A killer bee (D:7)
  An electric eel (D:7)
  2 orc priests
  2 hounds (Bailey)
  7 orc wizards
  5 gnolls (Bailey)
  A white imp (D:8)
  3 orcs
  5 kobolds (D:8)
45 creatures vanquished.

Vanquished Creatures (others)
  2 hexers
  2 ancestors (D:8)
4 creatures vanquished.

Grand Total: 274 creatures vanquished

Notes
Turn   | Place    | Note
-------+----------+-------------------------------------------
     0 | D:1      | Jase the Draconian Shapeshifter began the quest for the
                  | Orb.
     0 | D:1      | Reached XP level 1. HP: 16/16 MP: 1/1
    85 | D:1      | Reached XP level 2. HP: 6/23 MP: 2/2
   254 | D:1      | Reached XP level 3. HP: 29/29 MP: 3/3
  1138 | D:2      | Noticed Robin
  1200 | D:2      | Killed Robin
  1297 | D:2      | Reached XP level 4. HP: 31/36 MP: 4/4
  1368 | D:2      | Noticed Sigmund
  1907 | D:3      | Reached XP level 5. HP: 42/42 MP: 5/5
  2088 | D:3      | Reached skill level 4 in Unarmed Combat
  2634 | D:4      | Noticed an ogre
  2642 | D:4      | Killed an ogre
  2643 | D:4      | Reached XP level 6. HP: 50/50 MP: 6/6
  2647 | D:4      | Noticed Menkaure
  2660 | D:4      | Killed Menkaure
  2952 | D:4      | Reached skill level 5 in Unarmed Combat
  2967 | D:4      | Your scales start taking on a dull iron-grey colour.
  2967 | D:4      | Reached XP level 7. HP: 45/56 MP: 7/7
  2993 | D:5      | Entered Level 5 of the Dungeon
  3229 | D:5      | Reached skill level 5 in Shapeshifting
  3488 | D:5      | Noticed Edmund
  3502 | D:5      | Killed Edmund
  3882 | D:6      | Found a broken altar of Ashenzari.
  3887 | D:6      | Saw a vision of the Shoals and the Spider Nest.
  3887 | D:6      | Noticed a radroach
  3887 | D:6      | Noticed a merfolk impaler
  3887 | D:6      | Noticed a skyshark
  3887 | D:6      | Noticed a water elemental
  3887 | D:6      | Noticed a jumping spider
  3887 | D:6      | Noticed a merfolk
  3887 | D:6      | Noticed a sea snake
  3887 | D:6      | Noticed a sea snake
  3887 | D:6      | Noticed a merfolk impaler
  3887 | D:6      | Noticed a pharaoh ant
  3887 | D:6      | Noticed a radroach
  3887 | D:6      | Noticed a radroach
  3888 | D:6      | Noticed a skyshark
  3888 | D:6      | Noticed a steelbarb worm
  3888 | D:6      | Noticed a wind drake
  3889 | D:6      | Noticed a redback
  3889 | D:6      | Noticed a redback
  3890 | D:6      | Noticed a merfolk aquamancer
  3890 | D:6      | Noticed a steelbarb worm
  3892 | D:6      | Noticed a jumping spider
  3892 | D:6      | Noticed a jumping spider
  3944 | D:6      | Found a staircase to the Ecumenical Temple.
  3957 | Temple   | Entered the Ecumenical Temple
  4031 | Temple   | Became a worshipper of Hepliaklqana the Forgotten
  4140 | D:6      | Reached skill level 1 in Invocations
  4177 | D:6      | Noticed Blork the orc
  4193 | D:6      | Killed Blork the orc
  4252 | D:6      | Noticed Maggie
  4275 | D:6      | Killed Maggie
  4276 | D:6      | Reached skill level 5 in Dodging
  4276 | D:6      | Reached skill level 6 in Unarmed Combat
  4276 | D:6      | Reached XP level 8. HP: 33/62 MP: 7/10
  4454 | D:6      | Found a runed translucent door.
  4455 | D:6      | Noticed Crazy Yiuf
  4623 | D:6      | Noticed Grinder
  4635 | D:6      | Killed Grinder
  5167 | D:7      | Found a sacrificial altar of Ru.
  5178 | D:7      | Found an ornate altar of the Wu Jian Council.
  5210 | D:7      | Reached * piety under Hepliaklqana
  5251 | D:7      | Reached XP level 9. HP: 63/63 MP: 12/12
  5257 | D:7      | Reached skill level 7 in Unarmed Combat
  5305 | D:7      | Reached skill level 5 in Invocations
  5321 | D:7      | Reached skill level 5 in Fighting
  5824 | D:8      | Reached skill level 8 in Unarmed Combat
  5960 | D:8      | Found a shadowy altar of Dithmenos.
  6011 | D:8      | Reached XP level 10. HP: 64/74 MP: 14/14
  6216 | D:8      | Noticed a two-headed ogre
  6232 | D:8      | Killed a two-headed ogre
  6598 | D:8      | Reached ** piety under Hepliaklqana
  6599 | D:8      | Remembered your ancestor Geg from IT as a hexer
  6710 | D:9      | Reached skill level 9 in Unarmed Combat
  6746 | D:9      | Found a bloodstained altar of Trog.
  6773 | D:9      | Found a flagged portal.
  6787 | Bailey   | Entered a bailey
  7262 | D:9      | Noticed Gastronok
  7275 | D:9      | Killed Gastronok
  7276 | D:9      | Reached skill level 10 in Unarmed Combat
  7276 | D:9      | Reached XP level 11. HP: 33/81 MP: 16/16
  7359 | D:9      | Noticed Pikel
  7373 | D:9      | Killed Pikel
  7916 | D:10     | Entered Level 10 of the Dungeon
  7998 | D:10     | Found a staircase to the Lair.
  8031 | D:10     | Reached *** piety under Hepliaklqana
  8238 | D:10     | Reached skill level 1 in Evocations
  8262 | D:10     | Reached skill level 11 in Unarmed Combat
  8262 | D:10     | Reached skill level 10 in Shapeshifting
  8804 | D:11     | Noticed a two-headed ogre
  8815 | D:11     | Killed a two-headed ogre
  9705 | D:12     | Noticed a two-headed ogre
  9710 | D:12     | Killed a two-headed ogre
  9742 | D:12     | Reached **** piety under Hepliaklqana
  9863 | D:12     | Reached XP level 12. HP: 90/90 MP: 17/17
  9911 | D:12     | Noticed a tengu warrior
  9911 | D:12     | Noticed a tengu warrior
  9921 | D:12     | Killed a tengu warrior
  9922 | D:12     | Shot with a bolt by a tengu warrior

Illustrated notes

Levels and vault maps discovered:
D:1:      sevenhm_arrival_forest_fort_small_3, layout_basic,
          chequers_serial_rivers_micro_e, minmay_cupped
D:2:      layout_basic, uniq_robin, uniq_sigmund
D:3:      layout_basic, serial_undead, serial_undead_e, serial_undead_d,
          serial_undead_d, serial_undead_c, fountainhead
D:4:      layout_cave_pools, minivault_23, uniq_menkaure
D:5:      layout_basic, uniq_edmund
D:6:      layout_cave_pods, grunt_ashenzari_visionary
          [grunt_ashenzari_visionary_shoals, grunt_ashenzari_visionary_spider],
          minmay_temple_entry_mini_moons, minivault_25, uniq_maggie,
          uniq_blork_the_orc, uniq_grinder, uniq_crazy_yiuf_cottage
D:7:      layout_basic, amethyst_overflow_temple_binary, chequers_big_river,
          chequers_mini_garden, glass_columns_a, minmay_checkerbox
D:8:      layout_basic, nicolae_dithmenos_through_a_glass_darkly
D:9:      layout_irregular_city, lightli_temple_of_fire, enter_bailey_2,
          uniq_pikel, uniq_gastronok
D:10:     layout_grid_maze, erik_lair_orcish_takeover
D:11:     layout_basic
D:12:     layout_loops_ring, erik_orc_1, st_stairs_9, kennysheep_big_empty_room,
          minmay_misc_feat_ornament, hangedman_decor_push,
          chequers_serial_rivers_room_b
Temple:   minmay_temple_bridge_d

Skill      XL: |  1  2  3  4  5  6  7  8  9 10 11 |
---------------+----------------------------------+-----
Dodging        | 2 3 4 5 |  5.6
Fighting       | 2 4 6 8 |  8.0
Unarmed Combat | 4 5 6 8 10 11 | 11.6
Shapeshifting  | 4 5 6 7 9 10 | 10.5
Invocations    | 3 4 6 7 |  7.2
Evocations     | 4 |  4.2

Action                     |  1- 3 |  4- 6 |  7- 9 | 10-12 || total
---------------------------+-------+-------+-------+-------++-------
  Melee: Unarmed           |   107 |   152 |   271 |   354 ||   884
         Tailslap          |     8 |    15 |    39 |    64 ||   126
         Punch             |     1 |     3 |    11 |    17 ||    32
         Constrict         |       |       |       |     1 ||     1
  Throw: Boomerang         |       |     1 |       |       ||     1
 Invoke: Ancestor Identity |       |       |     1 |       ||     1
         Recall Ancestor   |       |       |       |     2 ||     2
         Ancestor Life: He |       |       |       |     1 ||     1
Ability: Begin Untransform |     1 |       |       |     1 ||     2
  Evoke: Wand              |       |       |     3 |       ||     3
    Use: Scroll            |       |       |       |    14 ||    14
         Potion            |       |       |       |     2 ||     2
   Stab: Sleeping          |     1 |     1 |       |     1 ||     3
         Paralysed         |       |       |     6 |       ||     6
         Distracted        |       |       |     1 |     2 ||     3
         Confused          |       |       |       |     6 ||     6
 Armour: Skin              |    50 |    56 |   152 |   186 ||   444
  Dodge: Dodged            |    50 |    74 |   138 |   258 ||   520
   Form: Beast             |     1 |       |     1 |     3 ||     5
         Flux              |       |       |     1 |     2 ||     3
         Blade             |       |       |       |     1 ||     1
         Serpent           |       |       |       |     1 ||     1

Table legend: (Time is in decaauts)
 A = Elapsed time spent in this place.
 B = Non-inter-level travel time spent in this place.
 C = Inter-level travel time spent in this place.
 D = Time resting spent in this place.
 E = Time spent auto-exploring this place.
 F = Levels seen in this place.
 G = Mean time per level.
                   A        B        C        D        E       F      G
               +--------+--------+--------+--------+--------+-----+--------+
         Total |   9805 |   9262 |    543 |    491 |   6496 |  14 |  700.4 |
       Dungeon |   9223 |   8793 |    430 |    472 |   6456 |  12 |  768.6 |
        Temple |    146 |     33 |    113 |      0 |      0 |   1 |  146.0 |
        Bailey |    435 |    435 |      0 |     19 |     40 |   1 |  435.0 |
               +--------+--------+--------+--------+--------+-----+--------+

Top non-repeatable levels by time:
     D:1: 1113 daAuts
     D:6: 971 daAuts
    D:11: 906 daAuts
     D:8: 892 daAuts
    D:10: 843 daAuts
     D:7: 836 daAuts
     D:5: 779 daAuts
     D:9: 769 daAuts
     D:3: 721 daAuts
     D:2: 615 daAuts
     D:4: 545 daAuts
  Bailey: 435 daAuts
    D:12: 227 daAuts
  Temple: 146 daAuts
